 Dungeon Crawl Stone Soup version 0.29-a0-344-ge2f44be95a (webtiles) character file.

Game seed: 7140595696479671733

53 spaghetti the Sneak (level 3, -5/28 HPs)
             Began as a Naga Conjurer on Apr 21, 2022.
             Slain by an orc priest
             ... wielding a +1 hand axe of electrocution
              (13 damage)
             ... on level 4 of the Dungeon.
             The game lasted 00:03:45 (2409 turns).

spaghetti the Sneak (Naga Conjurer)                 Turns: 2409, Time: 00:03:45

Health: -5/28      AC:  2    Str:  9    XL:     3   Next: 87%
Magic:  5/7        EV: 10    Int: 20    God:
Gold:   164        SH:  0    Dex:  9    Spells: 6/7 levels left

rFire   . . .      SeeInvis +   d - +0 hand axe (vorpal) {axe}
rCold   . . .      Faith    .   (no shield)
rNeg    . . .      Spirit   .   a - +0 robe
rPois   +          Reflect  .   (no helmet)
rElec   .          Harm     .   (no cloak)
rCorr   .          Rampage  .   (no gloves)
Will    .....                   (no barding)
Stlth   ++........              i - amulet of magic regeneration {@e2}
HPRegen 0.09/turn               n - +4 ring of slaying
MPRegen 0.50/turn               (no ring)

@: very slow
A: AC +1, large, see invisible, deformed body, poison resistance, slowness 2,
spit poison 1, naga tail 1
a: Spit Poison


You were on level 4 of the Dungeon.
You visited 1 branch of the dungeon, and saw 4 of its levels.

You collected 164 gold pieces.


Innate Abilities, Weirdness & Mutations

Your serpentine skin is tough. (AC +1)
You have supernaturally acute eyesight. (SInv)
Armour fits poorly on your strangely shaped body.
Your system is resistant to poisons. (rPois)
You cover ground very slowly.
You can spit poison.
You have a snake-like lower body.


   Skills:
 + Level 2.1 Dodging
 * Level 4.5 Stealth
 + Level 2.8 Spellcasting
 - Level 4.0 Conjurations


You had 6 spell levels left.
You knew the following spells:

 Your Spells              Type           Power      Damage    Failure   Level
a - Magic Dart            Conj           72%        1d6       2%          1

Your spell library contained the following spells:

 Spells                   Type           Power      Damage    Failure   Level
 Searing Ray              Conj           36%        2d5       4%          2
 Dazzling Flash           Conj/Hex       20%        N/A       19%         3
 Fulminant Prism          Conj/Hex       5%         3d7       54%         4
 Iskenderun's Mystic Bla  Conj/Tloc      10%        2d4       54%         4

Inventory:

Hand Weapons
 c - a +0 club {mace}
   (You found it on level 1 of the Dungeon)
 d - a +0 vorpal hand axe (weapon) {axe}
   (You found it on level 1 of the Dungeon)
Missiles
 e - 33 stones {throwing}
Armour
 a - a +0 robe (worn)
Jewellery
 i - an amulet of magic regeneration (around neck) {@e2}
   (You found it on level 2 of the Dungeon)
 n - a +4 ring of slaying (left hand)
   (You found it on level 2 of the Dungeon)
Wands
 q - a wand of polymorph (9)
   (You found it on level 3 of the Dungeon)
Scrolls
 f - a scroll of brand weapon {unknown}
 k - a scroll of teleportation {unknown}
 o - a scroll of blinking {unknown}
Potions
 b - a potion of magic
 g - a potion of berserk rage {unknown}
 h - a potion of ambrosia {unknown}
 j - a potion of heal wounds {unknown}
 l - a potion of flight {unknown}
 m - 2 potions of degeneration {unknown}
 p - a potion of mutation {unknown}

Dungeon Overview and Level Annotations

Branches:
Dungeon (4/15)
 Temple: D:4-7

Altars:

Shops:
D:1

(*[[
#.#####
#...o@#
#######


You could see an orc priest.


Message History

You are too injured to fight recklessly!
You are too injured to fight recklessly!
You are too injured to fight recklessly!
You are too injured to fight recklessly!
You are too injured to fight recklessly!
You are too injured to fight recklessly!
You are too injured to fight recklessly!
You are too injured to fight recklessly!
You are too injured to fight recklessly!
You are too injured to fight recklessly!
You are too injured to fight recklessly!
You are too injured to fight recklessly!
You are too injured to fight recklessly!
You are too injured to fight recklessly!
Okay, then.
There is an open door here.
The adder attacks as you move away! The adder barely misses you.
The adder bites you. The adder bites you.
There is a stone staircase leading down here.
Unknown command. 😮 HP[-5] MP[+2]
You take 5 damage, and now have 20/28 hp.
Your mp is fully restored (7).
The adder bites you. The orc closely misses you.
You climb downwards.
There is a stone staircase leading up here.
Unknown command.
Unknown command.
Aiming: Magic Dart (safe; 2% risk of failure)
Press: ? - help, Q - select action, (/) - cycle Shift-Dir - straight line, f - orc
Aim: an orc, wielding a +0 club (100% to hit)
The magic dart hits the orc.
The orc closely misses you. 😮 MP[-1]
You lost 1 mp, and now have 6/7 mp.
Aiming: Magic Dart (safe; 2% risk of failure)
Press: ? - help, Q - select action, (/) - cycle Shift-Dir - straight line, f/p - orc
Aim: an orc, wielding a +0 club (heavily wounded, 100% to hit)
The magic dart hits the orc.
You kill the orc!
Aiming: Magic Dart (safe; 2% risk of failure)
Press: ? - help, Q - select action, (/) - cycle Shift-Dir - straight line, f - adder
Aim: an adder (heavily wounded, 100% to hit)
The magic dart hits the adder.
The adder bites you. x2 😮 HP[-5] MP[-1]
You take 5 damage, and now have 15/28 hp.
You lost 1 mp, and now have 5/7 mp.
Aiming: Magic Dart (safe; 2% risk of failure)
Press: ? - help, Q - select action, (/) - cycle Shift-Dir - straight line, f/p - adder
Aim: an adder (almost dead, 100% to hit)
The magic dart hits the adder.
You kill the adder!
Aiming: Magic Dart (safe; 2% risk of failure)
Press: ? - help, Q - select action, (/) - cycle Shift-Dir - straight line, f - you That beam is likely to hit you.
Continue anyway? [Y]es or [N]o only, please.
That beam is likely to hit you.
Continue anyway?
Okay, then.
You start resting. 😮 MP[+2]
Your mp is fully restored (7).
You start resting. 😎 HP[+13]
Your hp is fully restored (28).
You can't go down here!
You climb upwards.
The orc priest barely misses you.
There is a stone staircase leading down here.
The orc priest hits you with a +1 hand axe of electrocution!
The orc priest looks encouraged for a moment.
You climb downwards.
There is a stone staircase leading up, spattered with blood here. 😮 HP[-7]
You take 7 damage, and now have 21/28 hp.
MASSIVE DAMAGE!! (PAUSE) Unknown command.
Aiming: Magic Dart (safe; 2% risk of failure)
Press: ? - help, Q - select action, (/) - cycle Shift-Dir - straight line, f - orc priest
Aim: an orc priest, wielding a +1 hand axe of electrocution (100% to hit)
The magic dart hits the orc priest.
The orc priest barely misses you. 😮 MP[-1]
You lost 1 mp, and now have 6/7 mp.
Aiming: Magic Dart (safe; 2% risk of failure)
Press: ? - help, Q - select action, (/) - cycle Shift-Dir - straight line, f/p - orc priest
Aim: an orc priest, wielding a +1 hand axe of electrocution (moderately wounded, 100% to hit)
The magic dart hits the orc priest.
The orc priest hits you with a +1 hand axe of electrocution. 😮 HP[-6]
You take 6 damage, and now have 15/28 hp.
MASSIVE DAMAGE!! (PAUSE)
Aiming: Magic Dart (safe; 2% risk of failure)
Press: ? - help, Q - select action, (/) - cycle Shift-Dir - straight line, f/p - orc priest
Aim: an orc priest, wielding a +1 hand axe of electrocution (moderately wounded, 100% to hit)
The magic dart hits the orc priest but does no damage.
The orc priest hits you with a +1 hand axe of electrocution!
* * * LOW HITPOINT WARNING * * *
You are electrocuted!
You die...

Skill      XL: |  1  2  3 |
---------------+----------+-----
Dodging        | 2 |  2.1
Stealth        | 4 |  4.5
Spellcasting   | |  2.8
Conjurations   | |  4.0

Action                   || total
-------------------------++-------
Melee: Hand axe          ||    15
 Cast: Magic Dart        ||    67
 Abil: Spit Poison       ||     4
Armor: Robe              ||     3
Dodge: Dodged            ||    18

Levels and vault maps discovered:
D:1:      arrival_aquarium_a, layout_basic, serial_shops, shop, shop,
          shop_coins, shop, dreamdust_ecumenical_altar_sealed_demon
D:2:      layout_basic
D:3:      layout_basic, kennysheep_pointless_box, uniq_natasha
D:4:      layout_basic, mainiacjoe_overflow_paths, solitary_fountain, uniq_robin

Notes
Turn   | Place    | Note
-------+----------+-------------------------------------------
     0 | D:1      | spaghetti the Naga Conjurer began the quest for the Orb.
     0 | D:1      | Reached XP level 1. HP: 15/15 MP: 3/3
     0 | D:1      | magus.rc [v1.9.6]
     8 | D:1      | Noticed an electric eel
   218 | D:1      | Reached XP level 2. HP: 22/22 MP: 0/5
   220 | D:1      | Found a faded altar of an unknown god.
   220 | D:1      | Noticed a hell beast
   415 | D:1      | Found Tyd Ysub's Weapon Emporium.
   652 | D:1      | Found Kerenk's Assorted Antiques.
   787 | D:1      | Found Qoesitia's Antique Armour Shoppe.
  1048 | D:1      | Found Cisum's Armour Shop.
  1096 | D:1      | Reached skill level 2 in Dodging
  1340 | D:2      | Reached XP level 3. HP: 28/28 MP: 3/6
  1818 | D:2      | Reached skill level 4 in Stealth
  2409 | D:4      | Slain by an orc priest

Vanquished Creatures
  An adder (D:4)
  2 dart slugs
  3 orcs
  3 bats
  5 endoplasms (D:1)
  3 giant cockroaches
  6 goblins
  2 hobgoblins (D:2)
  A ball python (D:1)
  2 frilled lizards
  3 kobolds
  4 rats
35 creatures vanquished.

Table legend:
 A = Non-vault XP
 B = Vault XP
 C = Vault XP percentage of total XP
 D = Non-vault monster count
 E = Vault monster count
 F = Vault count percentage of total count
                 A         B        C        D         E       F
            +---------+---------+-------+---------+---------+-------
      Total |      76 |       0 |   0.0 |      35 |       0 |   0.0
            +---------+---------+-------+---------+---------+-------
        D:1 |      32 |       0 |   0.0 |      17 |       0 |   0.0
        D:2 |      20 |       0 |   0.0 |      12 |       0 |   0.0
        D:3 |       8 |       0 |   0.0 |       4 |       0 |   0.0
        D:4 |      16 |       0 |   0.0 |       2 |       0 |   0.0
            +---------+---------+-------+---------+---------+-------

Illustrated notes

Table legend:
 A = Kills in this place as a percentage of kills in entire the game.
 B = Kills by you in this place as a percentage of kills by you in the entire game.
 C = Kills by friends in this place as a percentage of kills by friends in the entire game.
 D = Other kills in this place as a percentage of other kills in the entire game.
 E = Experience gained in this place as a percentage of experience gained in the entire game.
 F = Experience gained in this place divided by the number of levels of this place that you have seen.
                   A       B       C       D       E      F
               +-------+-------+-------+-------+-------+----------------------
         Total | 100.0 | 100.0 |   N/A |   N/A | 100.0 |  19.0
       Dungeon | 100.0 | 100.0 |   N/A |   N/A | 100.0 |  19.0
               +-------+-------+-------+-------+-------+----------------------

Table legend: (Time is in decaauts)
 A = Elapsed time spent in this place.
 B = Non-inter-level travel time spent in this place.
 C = Inter-level travel time spent in this place.
 D = Time resting spent in this place.
 E = Time spent auto-exploring this place.
 F = Levels seen in this place.
 G = Mean time per level.
                   A        B        C        D        E       F      G
               +--------+--------+--------+--------+--------+-----+--------+
         Total |   2997 |   2823 |    174 |    248 |   2367 |   4 |  749.2 |
       Dungeon |   2997 |   2823 |    174 |    248 |   2367 |   4 |  749.2 |
               +--------+--------+--------+--------+--------+-----+--------+

Top non-repeatable levels by time:
     D:1: 1673 daAuts
     D:2: 1136 daAuts
     D:4: 149 daAuts
     D:3: 37 daAuts
